AoeStats
← eduhaas

Yucatan

510465633Analyzed
4v4 RM · 6h ago on Oct 1, 2026· 53m 36s· 8 players
Game mode
Random Map
Map size
Large (8 player)
Population
200
Speed
Normal
Resources
Standard
Victory
Conquest
Starting age
Dark Age
Ending age
Imperial Age
RankedLock teamsTeams togetherTeam positionsShared explorationLock speedFull tech treeHidden civsTurbo modeCheats
Victory
Defeat
🇮🇳 Lithuanians · India
1174
+10
🇲🇽 Portuguese · Mexico
1056
+15
🇲🇽 Spanish · Mexico
1033
+16
🇧🇷 Bohemians · Brazil
998
+17
🇲🇽 Aztecs · Mexico
1116
-18
🇲🇽 Ethiopians · Mexico
1038
-15
🇲🇽 Saracens · Mexico
1020
-14
🇲🇽 Japanese · Mexico
954
-11
R_FACELESS
4:46 Loom
10:30 Feudal Age
10:56 Double-Bit Axe
17:22 Castle Age
25:35 Bow Saw
29:40 Imperial Age
29:46 Town Watch
31:25 Gold Mining
32:10 Fletching
33:51 Wheelbarrow
35:17 Bodkin Arrow
35:59 Ballistics
35:55 Stone Mining
36:20 Masonry
37:16 Fervor
37:21 Block Printing
38:27 Chemistry
39:47 Hand Cart
39:32 Town Patrol
41:07 Treadmill Crane
41:33 Siege Engineers
43:31 Two-Man Saw
42:38 Murder Holes
43:28 Fortified Wall
45:16 Architecture
45:01 Bracer
45:33 Bombard Tower
45:03 Guard Tower
46:21 Stone Shaft Mining
46:46 Guilds
46:55 Bloodlines
46:06 Light Cavalry
46:13 Light Cavalry
47:03 Bloodlines
46:59 Husbandry
47:46 Conscription
48:20 Arquebus
48:42 Elite Organ Gun
49:02 Sappers
50:18 Atonement
50:19 Devotion
50:15 Herbal Medicine
50:41 Sanctity
50:42 Heresy
50:57 Theocracy
51:40 Keep
51:10 Padded Archer Armor
52:26 Leather Archer Armor
54:02 Forging
53:53 Scale Mail Armor
54:24 Ring Archer Armor
54:08 Circumnavigation
54:30 Faith
54:18 Scale Barding Armor
eduhaas
10:58 Feudal Age
14:33 Castle Age
13:27 Double-Bit Axe
15:55 Horse Collar
16:48 Bow Saw
20:50 Loom
20:51 Town Watch
25:14 Heavy Plow
27:02 Stone Mining
27:02 Gold Mining
33:24 Imperial Age
34:24 Wheelbarrow
33:50 Town Patrol
35:59 Conscription
35:03 Elite Conquistador
35:48 Cavalier
36:28 Husbandry
36:39 Bloodlines
40:22 Chemistry
39:43 Ballistics
43:07 Two-Man Saw
42:43 Bombard Tower
42:34 Fortified Wall
43:11 Padded Archer Armor
43:01 Fletching
43:22 Forging
43:13 Scale Mail Armor
46:40 Bodkin Arrow
47:01 Leather Archer Armor
47:02 Chain Mail Armor
47:22 Iron Casting
49:06 Ring Archer Armor
48:36 Bracer
48:43 Scale Barding Armor
49:51 Hoardings
52:08 Chain Barding Armor
52:49 Blast Furnace
54:47 Stone Shaft Mining
Jcn_x
0:30 Loom
12:35 Feudal Age
14:33 Town Watch
14:45 Double-Bit Axe
22:06 Castle Age
20:14 Horse Collar
24:42 Bow Saw
30:20 Wheelbarrow
39:10 Heavy Plow
39:26 Fletching
41:49 Elite Skirmisher
44:11 Padded Archer Armor
48:51 Imperial Age
47:48 Chemistry
47:09 Ballistics
47:01 Masonry
47:03 Fortified Wall
47:14 Leather Archer Armor
49:03 Wagenburg Tactics
49:00 Bodkin Arrow
50:08 Ring Archer Armor
49:47 Bracer
51:07 Conscription
52:48 Hand Cart
LIGHTYRIX
10:32 Feudal Age
17:20 Castle Age
15:57 Loom
18:48 Double-Bit Axe
18:44 Horse Collar
19:52 Bow Saw
23:56 Gold Mining
23:57 Stone Mining
24:11 Heavy Plow
24:53 Wheelbarrow
31:37 Imperial Age
31:12 Forging
31:07 Scale Barding Armor
31:14 Bloodlines
31:12 Husbandry
32:38 Iron Casting
31:50 Cavalier
33:17 Chain Barding Armor
33:16 Paladin
35:04 Plate Barding Armor
VolJeen
2:54 Loom
12:14 Feudal Age
15:38 Double-Bit Axe
20:59 Castle Age
19:18 Stone Mining
19:23 Gold Mining
20:08 Forging
19:58 Scale Mail Armor
20:27 Arson
23:50 Squires
23:31 Eagle Warrior
27:05 Iron Casting
30:50 Fortified Wall
32:09 Chain Mail Armor
35:43 Ballistics
36:30 Wheelbarrow
42:01 Treadmill Crane
42:49 Redemption
45:04 Sanctity
45:07 Fervor
54:24 Imperial Age
mtph
6:47 Loom
11:33 Feudal Age
12:47 Man-at-Arms
14:29 Arson
15:11 Scale Mail Armor
17:35 Forging
20:43 Castle Age
18:55 Fletching
22:18 Gambesons
22:42 Long Swordsman
30:05 Wheelbarrow
35:04 Husbandry
35:06 Horse Collar
38:32 Iron Casting
38:13 Chain Mail Armor
37:54 Bodkin Arrow
37:59 Padded Archer Armor
37:40 Light Cavalry
39:21 Elite Skirmisher
40:58 Yasama
42:02 Double-Bit Axe
42:22 Heavy Plow
45:38 Imperial Age
44:59 Ballistics
44:36 Murder Holes
45:06 Leather Archer Armor
Briando
6:19 Loom
9:57 Feudal Age
10:47 Double-Bit Axe
10:44 Horse Collar
19:07 Castle Age
19:31 Fletching
19:41 Padded Archer Armor
20:49 Crossbowman
21:35 Thumb Ring
23:22 Ballistics
23:53 Wheelbarrow
23:31 Bow Saw
24:24 Heavy Plow
26:58 Squires
31:15 Imperial Age
30:19 Hand Cart
30:02 Gold Mining
32:57 Chemistry
32:44 Gold Shaft Mining
33:11 Two-Man Saw
35:45 Conscription
35:53 Arbalester
37:45 Bodkin Arrow
46:50 Halberdier
50:57 Forging
50:47 Scale Mail Armor
scorpio
9:10 Loom
11:03 Feudal Age
16:10 Castle Age
14:51 Double-Bit Axe
17:18 Bow Saw
18:37 Horse Collar
20:57 Loom
24:28 Heavy Plow
25:17 Fletching
26:53 Forging
28:50 Iron Casting
28:44 Bimaristan
28:32 Bodkin Arrow
28:43 Gold Mining
33:17 Imperial Age
30:50 Husbandry
31:47 Wheelbarrow
32:19 Gold Shaft Mining
31:38 Stone Mining
32:22 Loom
32:52 Hand Cart
32:22 Town Watch
33:04 Bloodlines
33:39 Scale Barding Armor
33:35 Padded Archer Armor
34:42 Conscription
34:45 Bracer
34:42 Elite Mameluke
36:15 Parthian Tactics
35:56 Thumb Ring
36:16 Ballistics
37:52 Hoardings
37:40 Chain Barding Armor
38:50 Blast Furnace
40:12 Fervor
39:59 Onager
40:47 Siege Engineers
40:52 Masonry
40:39 Murder Holes
41:53 Chemistry
41:05 Masonry
42:26 Sanctity
44:10 Plate Barding Armor
48:43 Block Printing
49:14 Fortified Wall
49:08 Town Patrol
49:58 Counterweights
52:21 Two-Man Saw
Connection lost

Rejoining the realm…

Still unreachable

The connection could not be restored.

Session expired

The server has moved on; the page needs a fresh start.